AoeStats
← albaevaarina0

Fortress

510512208Analyzed
1v1 RM · 1d ago on Oct 1, 2026· 29m 15s· 2 players
Game mode
Random Map
Map size
Small (3 player)
Population
200
Speed
Normal
Resources
Standard
Victory
Conquest
Starting age
Dark Age
Ending age
Imperial Age
RankedLock teamsTeams togetherTeam positionsShared explorationLock speedFull tech treeHidden civsTurbo modeCheats
Victory
Defeat
🇨🇿 Byzantines · Czechia
1168
+15
🇰🇿 Japanese · Kazakhstan
1146
-15
albaevaarina0
6:26 Loom
8:41 Feudal Age
6:58 Loom
9:28 Double-Bit Axe
9:52 Horse Collar
12:30 Castle Age
11:04 Gold Mining
14:26 Scale Mail Armor
15:24 Arson
17:57 Chain Mail Armor
18:28 Squires
23:09 Gold Shaft Mining
22:26 Stone Mining
22:38 Heavy Plow
22:50 Bow Saw
23:55 Forging
26:01 Light Cavalry
26:51 Scale Barding Armor
28:19 Fletching
lnstitution
6:22 Feudal Age
6:48 Double-Bit Axe
6:44 Horse Collar
12:29 Castle Age
13:20 Bow Saw
13:16 Heavy Plow
23:49 Redemption
25:13 Sanctity
Connection lost

Rejoining the realm…

Still unreachable

The connection could not be restored.

Session expired

The server has moved on; the page needs a fresh start.